 Dungeon Crawl Stone Soup version 0.24.1 (webtiles) character file.

Game seed: 15656071903343182737, levelgen mode: deterministic

631 Destapler the Skirmisher (level 7, -2/55 HPs)
             Began as a Demonspawn Gladiator on Mar 27, 2020.
             Was a Believer of Makhleb.
             Slain by an ogre
             ... wielding a +0 giant club
              (17 damage)
             ... on level 5 of the Dungeon.
             The game lasted 00:20:51 (4598 turns).

Destapler the Skirmisher (Demonspawn Gladiator)     Turns: 4598, Time: 00:20:51

Health: -2/55      AC:  6    Str: 13 (15) XL:     7   Next: 24%
Magic:  8/8        EV: 18    Int:  9 (12) God:    Makhleb [**....]
Gold:   115        SH:  0    Dex: 18 (20) Spells: 6/6 levels left

rFire    . . .     SeeInvis .   a - +1 dagger (speed)
rCold    . . .     Gourm    .   (no shield)
rNeg     . . .     Faith    .   v - +0 ring mail {MR+}
rPois    .         Spirit   .   (helmet restricted)
rElec    .         Reflect  .   (no cloak)
rCorr    .         Harm     .   (no gloves)
MR       +....                  (no boots)
Stlth    +++.......             (no amulet)
HPRegen  0.18/turn              (no ring)
MPRegen  0.11/turn              (no ring)

@: agile
A: antennae 2, thin metallic scales 2, clever 1, deformed body, demonic guardian
1, no potion heal 1
a: Minor Destruction, Renounce Religion


You were on level 5 of the Dungeon.
You worshipped Makhleb.
Makhleb was pleased with you.
You were not hungry.

You visited 1 branch of the dungeon, and saw 5 of its levels.

You collected 115 gold pieces.

Inventory:

Hand Weapons
 a - a +1 dagger of speed (weapon)
 b - a +1 hunting sling of velocity
Missiles
 d - 3 throwing nets
 e - 118 stones
 j - 2 boomerangs (quivered)
 k - 5 javelins
 x - 53 sling bullets
Armour
 s - a +0 chain mail
 v - a +0 ring mail of magic resistance (worn)
Scrolls
 c - 4 scrolls of identify
 h - 2 scrolls of fear {unknown}
 i - 3 scrolls of teleportation {unknown}
 m - a scroll of immolation {unknown}
 n - a scroll of enchant weapon {unknown}
 p - a scroll of blinking {unknown}
 r - a scroll of random uselessness {unknown}
 t - a scroll of enchant armour {unknown}
 u - 2 scrolls of remove curse {unknown}
 w - a scroll of magic mapping {unknown}
 y - 3 scrolls of amnesia {unknown}
 B - a scroll of noise {unknown}
Potions
 g - a potion of flight
 l - a potion of invisibility
 o - a potion of agility
 q - 3 potions of curing
 C - a potion of haste
Comestibles
 f - 5 rations


   Skills:
 + Level 4.3 Fighting
   Level 3.1 Long Blades
 - Level 1.7 Throwing
 + Level 2.7 Armour
 - Level 4.0 Dodging
 + Level 3.8 Stealth
 + Level 2.4 Invocations


You had 6 spell levels left.
You didn't know any spells.
Your spell library was empty.

Dungeon Overview and Level Annotations

Branches:
Dungeon (5/15)             Temple (0/1) D:5

Altars:
Cheibriados
Dithmenos
Fedhas
Hepliaklqana
Kikubaaqudgha
Makhleb
Nemelex Xobeh
Trog
Wu Jian
Xom

Shops:
D:5 =(


Innate Abilities, Weirdness & Mutations

You have a pair of antennae on your head.
You are mostly covered in thin metallic scales. (AC +3)
A weak demonic guardian rushes to your aid.
Your mind is acute. (Int +2)
Armour fits poorly on your strangely shaped body.
Potions are less effective at restoring your health.


Message History

Your shadow imp hits the bullfrog zombie.
The ogre hits you but does no damage. The orc misses you.
You hit the bullfrog zombie.
The bullfrog zombie is almost destroyed.
The bullfrog zombie hits you but does no damage.
Your iron imp hits the bullfrog zombie.
The bullfrog zombie is destroyed!
Makhleb accepts your kill. The orc misses you.
You completely miss the orc.
The orc is almost dead.
The ogre hits you with a +0 giant club!
* * * LOW HITPOINT WARNING * * *
You hit the ogre.
The ogre is heavily wounded.
The orc misses you.
You hit the ogre.
The ogre is heavily wounded.
The ogre hits you with a +0 giant club!
You die...

#.....# #.....+
#.....# #.....#
#.# #.....# #.#
#.....# #.#
###5....# #.#
{#O@5....# #.#
+..>.ooo#)....#
###.#####
#.⌠.⌠.####.####
#........ #.....
#.######.#...∩..
###+#
#.#...........##
#.#.............
#.#...........##
#.##########....
#.# #.###


You could see an ogre, 3 orcs, a friendly iron imp and a friendly shadow imp.

Vanquished Creatures
  3 orc priests
  2 hounds
  3 orc wizards (D:4)
  2 worker ants (D:4)
  2 hound skeletons (D:4)
  5 adders
  An ooze (D:1)
  5 worms
  A dart slug (D:2)
  5 leopard geckos
  13 orcs
  A ball python (D:2)
  5 bats
  6 giant cockroaches
  8 goblins
  7 hobgoblins
  14 jackals
  3 quokkas
  10 frilled lizards
  A jackal skeleton (D:4)
  8 kobolds
  6 rats
111 creatures vanquished.

Vanquished Creatures (collateral kills)
  A phantom (D:4)
  A scorpion (D:4)
  A bullfrog zombie (D:5)
  2 orc wizards
  An orc priest (D:4)
  A leopard gecko (D:4)
  2 orcs
  2 giant cockroaches (D:4)
  A frilled lizard (D:3)
12 creatures vanquished.

Vanquished Creatures (others)
  An orc (D:4)
1 creature vanquished.

Grand Total: 124 creatures vanquished

Notes
Turn   | Place    | Note
-------+----------+-------------------------------------------
     0 | D:1      | Destapler the Demonspawn Gladiator began the quest for the
                  | Orb.
     0 | D:1      | Reached XP level 1. HP: 16/16 MP: 1/1
    82 | D:1      | Gained mutation: You have a pair of small antennae on your
                  | head. [demonic ancestry]
    82 | D:1      | Reached XP level 2. HP: 5/22 MP: 2/2
   387 | D:1      | Reached skill level 1 in Stealth
   416 | D:1      | Reached XP level 3. HP: 16/28 MP: 3/3
  1053 | D:2      | Gained mutation: You are partially covered in thin metallic
                  | scales. (AC +2) [demonic ancestry]
  1053 | D:2      | Reached XP level 4. HP: 10/34 MP: 4/4
  1572 | D:2      | Found a burning altar of Makhleb.
  1604 | D:2      | Became a worshipper of Makhleb the Destroyer
  1896 | D:3      | Found a faded altar of an unknown god.
  1903 | D:3      | Gained mutation: A weak demonic guardian rushes to your
                  | aid. [demonic ancestry]
  1903 | D:3      | Reached XP level 5. HP: 41/41 MP: 5/5
  2118 | D:3      | Reached skill level 1 in Armour
  2459 | D:3      | Reached * piety under Makhleb
  2571 | D:3      | Found an ornate altar of the Wu Jian Council.
  2701 | D:3      | Found a shadowy altar of Dithmenos.
  2701 | D:3      | Found a sparkling altar of Nemelex Xobeh.
  2701 | D:3      | Found a bloodstained altar of Trog.
  2702 | D:3      | Found a snail-covered altar of Cheibriados.
  2703 | D:3      | Found a blossoming altar of Fedhas.
  2704 | D:3      | Found a hazy altar of Hepliaklqana.
  2705 | D:3      | Found an ancient bone altar of Kikubaaqudgha.
  2825 | D:4      | Found a shimmering altar of Xom.
  2972 | D:4      | Noticed a phantom
  2999 | D:4      | Reached XP level 6. HP: 15/47 MP: 6/6
  3324 | D:4      | Reached skill level 1 in Invocations
  4033 | D:4      | Reached ** piety under Makhleb
  4049 | D:4      | Gained mutation: You are mostly covered in thin metallic
                  | scales. (AC +3) [demonic ancestry]
  4049 | D:4      | Reached XP level 7. HP: 44/54 MP: 8/8
  4328 | D:5      | Entered Level 5 of the Dungeon
  4331 | D:5      | Found Beqi's Weapon Shoppe.
  4491 | D:5      | Found Tofoiph's Jewellery Shop.
  4553 | D:5      | Found a staircase to the Ecumenical Temple.
  4578 | D:5      | Gained mutation: Your mind is acute. (Int +2) [potion of
                  | mutation]
  4578 | D:5      | Gained mutation: Potions are less effective at restoring
                  | your health. [potion of mutation]
  4578 | D:5      | Gained mutation: Armour fits poorly on your strangely
                  | shaped body. [potion of mutation]
  4578 | D:5      | Gained mutation: You have a pair of antennae on your head.
                  | [potion of mutation]
  4598 | D:5      | Slain by an ogre

Levels and vault maps discovered:
D:1:      ncdulo_smallfort, layout_rooms
D:2:      layout_rooms, serial_curves, eino_curves_01, eino_curves_04,
          eino_curves_01, makhleb_heckhound_becter
D:3:      layout_rooms, minitemple, chequers_ecumenical_altar_island
D:4:      layout_cave_pools, serial_rivers, chequers_serial_rivers_micro_d,
          chequers_serial_rivers_room_a, chequers_serial_rivers_small_3,
          chequers_serial_rivers_micro_b, first_ration, xom_confusion_cloud
D:5:      layout_basic, minmay_temple_entry_hall, serial_shops, kennysheep_mini,
          shop, shop, shop, fedhas_altar_fruit_tree

Skill      XL: |  1  2  3  4  5  6  7 |
---------------+----------------------+-----
Stealth        | 1 2 3 |  3.8
Long Blades    | 3 |  3.1
Dodging        | 3 4 |  4.0
Fighting       | 3 4 |  4.3
Armour         | 1 2 |  2.7
Invocations    | 1 2 |  2.4
Throwing       | |  1.7

Action                   |  1- 3 |  4- 6 |  7- 9 || total
-------------------------+-------+-------+-------++-------
Melee: Long sword        |   101 |       |       ||   101
       Dagger            |    47 |   489 |    82 ||   618
Throw: Boomerang         |     3 |     3 |       ||     6
       Javelin           |       |     5 |       ||     5
  Use: Scroll            |       |     5 |       ||     5
       Potion            |       |     2 |     3 ||     5
 Stab: Sleeping          |     1 |     2 |       ||     3
       Distracted        |       |     2 |       ||     2
       Confused          |       |     2 |       ||     2
  Eat: Chunk             |     1 |     9 |     2 ||    12
Armor: Leather armour    |    18 |     3 |       ||    21
       Chain mail        |       |   142 |       ||   142
       Ring mail         |       |    35 |    20 ||    55
Dodge: Dodged            |   131 |   132 |    65 ||   328
       Rpst.: Long sword |    30 |       |       ||    30
